Map: World of Sleepers LE

Players

SpeCial - Winner!

  • Race: Terran Terran
  • Spawn Location: 7:00

Cham

  • Race: Zerg Zerg
  • Spawn Location: 1:00

VOD

Have the link to the VOD?

Description

Time

  • Played on: Sept. 6, 2019, 7:24 p.m.
  • Length: 17:48
Show
View Real Time Build Order
Export as new Build Order

SpeCial Terran - Winner!

Build Orders: Hellion Opening, Reaper Expand 

Get SALT Encoding   

  12  0:00  SCV  
  13  0:13  SCV  
  14  0:17  Supply Depot  
  14  0:25  SCV  
  15  0:39  SCV  
  15  0:41  Barracks  
  16  0:44  Refinery  
  16  0:51  SCV  
  17  1:03  SCV  
  18  1:15  SCV  
  19  1:28  Reaper  
  19  1:29  Orbital Command  
  20  1:40  Command Center  
  20  1:53  Refinery  
  20  1:55  Supply Depot  
  20  1:57  SCV  
  20  2:00  Reaper  
  22  2:09  SCV  
  23  2:20  Factory  
  23  2:21  SCV  
  24  2:33  SCV  
  24  2:35  Barracks Reactor  
  25  2:45  SCV  
  26  2:54  Orbital Command  
  26  2:57  SCV  
  27  3:05  Starport  
  27  3:09  SCV  
  28  3:15  Hellion x2  
  28  3:17  Reaper  
  33  3:21  SCV  
  33  3:22  SCV  
  35  3:33  SCV  
  35  3:34  SCV, Supply Depot  
  37  3:36  Hellion x2  
  41  3:42  Viking  
  41  3:45  SCV, Fusion Core  
  41  3:46  SCV  
  45  3:57  Hellion  
  45  3:58  Hellion  
  45  4:00  SCV  
  50  4:03  SCV  
  50  4:04  Supply Depot  
  51  4:12  SCV  
  51  4:13  Starport Tech Lab  
  51  4:16  SCV  
  53  4:24  SCV  
  54  4:26  Hellion x2  
  54  4:28  SCV  
  59  4:36  SCV  
  59  4:40  Supply Depot  
  59  4:44  SCV  
  60  4:48  SCV  
  60  4:50  Battlecruiser  
  67  4:53  Hellion  
  67  4:58  SCV  
  70  5:02  SCV, Hellion  
  70  5:05  Supply Depot  
  71  5:10  SCV  
  68  5:14  SCV  
  68  5:15  Hellion  
  67  5:25  Command Center  
  67  5:26  Marine  
  66  5:29  SCV  
  66  5:31  Supply Depot  
  67  5:36  Hellion  
  67  5:44  Marine  
  64  5:54  Battlecruiser  
  57  5:57  Hellion  
  57  5:58  SCV x2  
  57  6:02  Marine  
  58  6:10  SCV x2  
  41  6:22  SCV  
  41  6:23  Hellion  
  42  6:28  SCV  
  42  6:34  SCV  
  43  6:40  SCV  
  43  6:45  Hellion  
  43  6:46  SCV, Supply Depot  
  47  6:50  Orbital Command  
  47  6:52  SCV  
  48  6:58  SCV, Supply Depot  
  49  7:04  SCV  
  50  7:10  SCV  
  50  7:12  Battlecruiser  
  57  7:16  SCV x2  
  57  7:21  Hellion  
  57  7:22  SCV  
  62  7:27  Barracks Reactor  
  62  7:28  SCV  
  62  7:29  SCV  
  63  7:34  SCV  
  64  7:40  SCV  
  64  7:41  SCV  
  64  7:43  Refinery x2  
  66  7:47  SCV  
  66  7:49  Hellion  
  69  7:52  SCV  
  69  7:53  SCV  
  69  7:59  SCV  
  69  8:02  Orbital Command  
  69  8:04  SCV  
  72  8:05  Weapon Refit  
  72  8:11  SCV  
  72  8:16  SCV  
  73  8:22  Hellion x2  
  73  8:23  SCV  
  78  8:28  SCV  
  78  8:30  Battlecruiser  
  85  8:35  SCV  
  85  8:37  SCV  
  85  8:41  SCV  
  86  8:44  Hellion x2  
  86  8:47  SCV  
  85  8:49  SCV  
  85  8:53  SCV  
  85  8:55  Factory  
  85  8:57  Factory  
  85  8:59  SCV  
  85  9:01  SCV  
  87  9:05  SCV  
  87  9:09  Supply Depot x2, Refinery  
  88  9:11  SCV, Refinery  
  88  9:13  SCV, Hellion x2, Armory  
  94  9:17  SCV  
  94  9:24  SCV  
  96  9:25  SCV  
  96  9:26  Supply Depot  
  96  9:31  SCV  
  98  9:35  Hellion x2, Battlecruiser  
  98  9:36  SCV  
  98  9:37  SCV  
  110  9:43  SCV  
  107  9:48  SCV  
  107  9:49  SCV  
  105  9:54  Factory Tech Lab x2  
  105  9:55  SCV, Engineering Bay  
  106  10:00  SCV, Supply Depot  
  106  10:02  SCV  
  106  10:04  Command Center  
  106  10:05  Supply Depot  
  110  10:07  Hellion x2  
  110  10:13  Siege Tank x2, Terran Vehicle And Ship Armor Level 1  
  114  10:17  SCV x2  
  114  10:18  SCV  
  117  10:22  Supply Depot  
  117  10:25  Supply Depot  
  117  10:28  Supply Depot  
  117  10:32  Hellion x2  
  121  10:41  Battlecruiser  
  127  10:45  Siege Tank x2  
  133  10:53  Hellion  
  133  10:54  Hellion  
  131  11:10  SCV  
  124  11:14  Missile Turret  
  124  11:15  Hellion x2, Missile Turret  
  128  11:19  Supply Depot  
  128  11:20  Supply Depot  
  128  11:21  Siege Tank x2  
  128  11:25  Mag-Field Accelerator  
  134  11:30  SCV  
  135  11:33  Missile Turret  
  135  11:34  Missile Turret  
  135  11:36  Starport, Hellion x2  
  135  11:37  Starport  
  135  11:39  Armory  
  139  11:45  SCV x2  
  139  11:46  Battlecruiser  
  147  11:51  Missile Turret x2  
  145  11:54  Planetary Fortress  
  145  11:57  SCV x2  
  147  12:04  Hellion  
  147  12:05  Hellion  
  147  12:07  Unknown  
  147  12:08  Cyclone x2, Missile Turret x2  
  157  12:09  Hellion x4  
  150  12:17  Missile Turret  
  150  12:18  SCV x2  
  150  12:19  SCV  
  150  12:20  Missile Turret  
  153  12:24  Starport Tech Lab  
  153  12:25  Starport Tech Lab  
  153  12:37  SCV  
  153  12:39  Hellion  
  153  12:40  Cyclone x2  
  153  12:43  Supply Depot  
  163  12:55  SCV  
  162  12:59  Command Center  
  162  13:01  Battlecruiser x2  
  170  13:10  Battlecruiser  
  170  13:14  Command Center  
  170  13:20  Terran Vehicle And Ship Armor Level 2  
  170  13:28  SCV x2  
  170  13:29  SCV  
  173  13:37  Factory Reactor  
  171  13:51  SCV x3  
  171  13:54  Missile Turret x2  
  174  13:57  Terran Ship Weapons Level 1  
  174  14:00  Missile Turret  
  174  14:02  Cyclone  
  177  14:03  SCV x3  
  177  14:05  Missile Turret, Battlecruiser  
  186  14:19  Battlecruiser  
  181  14:24  SCV x2  
  181  14:26  Missile Turret  
  181  14:29  Barracks  
  182  14:41  Battlecruiser  
  188  14:55  Planetary Fortress  
  188  14:59  Command Center  
  188  15:07  Hellion x3  
  194  15:09  Battlecruiser  
  200  15:22  Command Center  
  196  15:39  Siege Tank, Hellion x2  
  196  15:42  Battlecruiser  
  197  15:45  Factory  
  194  16:07  Planetary Fortress  
  194  16:17  Refinery, Battlecruiser  
  200  16:19  Refinery  
  197  16:55  Missile Turret x2  
  197  17:01  Factory x2  
Show
View Real Time Build Order
Export as new Build Order

Cham Zerg 

Build Orders: Hatch First, Swarm Host 

Get SALT Encoding   

  12  0:01  Drone  
  13  0:08  Drone  
  14  0:18  Overlord  
  14  0:37  Drone x2  
  16  0:47  Hatchery  
  15  0:51  Drone  
  15  0:56  Drone  
  17  1:02  Drone  
  18  1:10  Extractor  
  17  1:18  Spawning Pool  
  16  1:19  Drone  
  16  1:21  Drone  
  18  1:32  Drone  
  19  1:45  Drone  
  20  1:58  Overlord  
  20  2:04  Queen x2  
  20  2:05  Zergling x4  
  26  2:12  Metabolic Boost  
  26  2:14  Drone  
  27  2:30  Hatchery  
  27  2:31  Drone  
  27  2:34  Drone  
  28  2:37  Drone  
  29  2:44  Queen  
  29  2:48  Drone  
  29  2:50  Drone  
  33  2:56  Overlord  
  33  2:58  Drone  
  34  3:01  Drone  
  34  3:02  Drone  
  36  3:13  Overlord  
  36  3:17  Drone x2  
  36  3:18  Roach Warren  
  36  3:19  Drone  
  38  3:23  Drone  
  39  3:28  Drone  
  39  3:29  Overlord, Drone  
  39  3:33  Extractor, Drone  
  41  3:39  Drone x2  
  43  3:45  Drone  
  43  3:46  Overlord  
  44  3:52  Queen  
  44  3:54  Overlord  
  46  4:00  Drone x2  
  46  4:01  Zergling x6  
  51  4:13  Roach x4  
  51  4:16  Roach  
  61  4:20  Roach x2  
  65  4:30  Roach x2  
  67  4:33  Roach x3  
  71  4:40  Zergling x6  
  71  4:43  Overlord  
  71  4:44  Overlord  
  74  4:51  Overlord  
  73  4:56  Overlord x2, Zergling x2  
  74  5:01  Queen  
  74  5:02  Overlord  
  66  5:14  Zergling x2  
  66  5:15  Zergling x8  
  66  5:16  Ravager x2  
  66  5:18  Ravager  
  73  5:24  Zergling x4  
  73  5:28  Ravager  
  76  5:30  Zergling x4  
  76  5:31  Zergling x2  
  76  5:32  Queen, Drone x2  
  83  5:39  Zergling x2  
  84  5:43  Queen  
  84  5:44  Queen  
  85  5:50  Drone x3  
  85  5:51  Drone  
  85  5:54  Drone  
  85  5:56  Drone  
  77  6:06  Drone  
  77  6:08  Queen  
  74  6:13  Drone  
  74  6:14  Drone  
  74  6:15  Drone  
  74  6:18  Spore Crawler  
  71  6:19  Queen  
  70  6:34  Drone x2  
  70  6:36  Spore Crawler  
  70  6:38  Spore Crawler  
  70  6:42  Drone x2  
  70  6:43  Queen, Drone  
  70  6:45  Spore Crawler  
  74  6:47  Drone  
  74  6:51  Spore Crawler, Drone x4  
  74  6:53  Lair  
  76  6:55  Queen  
  76  6:57  Extractor  
  76  6:58  Extractor  
  76  6:59  Unknown  
  76  7:00  Roach x2  
  71  7:19  Queen  
  71  7:21  Roach x3  
  75  7:30  Drone  
  75  7:31  Queen, Drone x3  
  75  7:32  Drone x2  
  82  7:38  Drone x3  
  82  7:39  Drone  
  82  7:40  Drone x3  
  88  7:44  Spore Crawler  
  88  7:46  Overlord  
  88  7:47  Drone x2  
  89  7:53  Spire, Drone  
  89  7:54  Spore Crawler  
  89  7:55  Queen  
  89  7:58  Drone x3  
  87  8:04  Queen  
  90  8:06  Queen  
  90  8:12  Hatchery  
  91  8:17  Spore Crawler  
  90  8:20  Roach x3, Evolution Chamber  
  95  8:28  Overlord  
  95  8:30  Queen  
  97  8:39  Queen  
  90  8:42  Queen  
  90  8:46  Drone x8  
  90  8:47  Drone  
  92  9:06  Corruptor  
  94  9:10  Corruptor  
  94  9:13  Corruptor  
  94  9:15  Queen  
  100  9:17  Corruptor  
  102  9:26  Drone  
  102  9:27  Corruptor  
  102  9:29  Corruptor  
  105  9:36  Hatchery  
  97  9:50  Corruptor x2  
  97  9:51  Zerg Missile Weapons Level 1  
  101  9:53  Glial Reconstitution  
  101  9:55  Corruptor  
  101  9:56  Corruptor  
  105  10:04  Corruptor  
  107  10:07  Corruptor  
  107  10:10  Corruptor  
  111  10:15  Corruptor  
  113  10:22  Corruptor x2  
  113  10:25  Corruptor  
  119  10:31  Corruptor  
  119  10:34  Roach x2  
  125  10:37  Overseer  
  125  10:40  Corruptor  
  127  10:44  Roach  
  127  10:47  Overlord x2  
  121  11:01  Roach x5  
  131  11:08  Roach x2  
  131  11:11  Roach  
  132  11:14  Roach x2  
  132  11:16  Roach  
  132  11:17  Roach x2  
  132  11:18  Roach  
  144  11:22  Roach  
  144  11:24  Roach  
  148  11:31  Roach x2  
  148  11:32  Overlord  
  152  11:33  Overlord  
  152  11:47  Overlord x2  
  152  11:50  Overlord  
  152  11:55  Roach x3  
  152  11:59  Roach x3  
  152  12:01  Overlord  
  164  12:04  Ravager x4  
  164  12:06  Ravager x3  
  164  12:07  Ravager  
  172  12:10  Roach  
  168  12:18  Roach x3  
  168  12:22  Ravager  
  176  12:23  Ravager, Roach x2  
  176  12:27  Infestation Pit  
  171  12:43  Roach  
  173  12:50  Roach  
  173  12:51  Roach  
  168  12:54  Roach  
  168  12:55  Roach  
  170  13:02  Swarm Host  
  170  13:03  Swarm Host x6  
  190  13:07  Zerg Flyer Weapons Level 1  
  190  13:09  Drone x3  
  191  13:17  Overlord x2  
  191  13:20  Zerg Ground Armor Level 1  
  191  13:29  Overlord  
  191  13:31  Overlord x2  
  191  13:39  Swarm Host x4  
  197  13:51  Swarm Host  
  198  14:34  Corruptor  
  200  14:53  Pathogen Glands  
  200  15:04  Infestor x2  
  200  15:05  Infestor x2  
  200  15:06  Corruptor x4  
  200  15:14  Extractor x2  
  200  15:16  Corruptor  
  200  15:35  Corruptor x3  
  190  15:36  Corruptor x3  
  198  15:47  Overlord x5  
  198  15:48  Overlord  
  198  15:51  Overlord  
  192  16:04  Overlord x2  
  192  16:35  Infestor x3  
  193  16:42  Infestor x2  
  193  16:45  Infestor  
  193  16:46  Spire, Drone x2  
  200  16:55  Spore Crawler, Hatchery  
  200  16:56  Spore Crawler  
Tags
 
Add a new tag
Caveats
  • Supply blocks, unpowered buildings, or Contaminate may cause inaccurate times.
  • Supply counts are checked every 10 seconds.